 Dungeon Crawl Stone Soup version 0.29.0-4-gdea44cf6ec (webtiles) character file.

Game seed: 9757342752806769766

20 qw the Sneak (level 2, -3/19 HPs)
             Began as a Gargoyle Delver on Sept 10, 2022.
             Slain by a quokka (4 damage)
             ... on level 3 of the Dungeon.
             The game lasted 00:00:07 (386 turns).

qw the Sneak (Gargoyle Delver)                       Turns: 386, Time: 00:00:07

Health: -3/19      AC:  5    Str: 15    XL:     2   Next: 79%
Magic:  2/2        EV: 11    Int: 10    God:
Gold:   9          SH:  0    Dex: 11    Spells: 1/1 levels left

rFire   . . .      SeeInvis .   Y - +0 hand axe
rCold   . . .      Faith    .   (no shield)
rNeg    + . .      Spirit   .   b - +0 leather armour
rPois   inf        Reflect  .   (no helmet)
rElec   +          Harm     .   (no cloak)
rCorr   .          Rampage  .   (no gloves)
Will    .....                   (no boots)
Stlth   +++.......              (no amulet)
HPRegen 0.06/turn               (no ring)
MPRegen 0.08/turn               (no ring)

@: no status effects
A: sickness immunity, AC +2, negative energy resistance 1, electricity
resistance, torment resistance 1, petrification resistance
a: no special abilities


You were on level 3 of the Dungeon.
You visited 1 branch of the dungeon, and saw 3 of its levels.

You collected 9 gold pieces.


Innate Abilities, Weirdness & Mutations

You are immune to sickness and miasma.
Your stone body is resilient. (AC +2)
You are immune to poison.
You resist negative energy. (rN+)
You are resistant to electric shocks. (rElec)
You are resistant to unholy torment.
You are immune to petrification.


   Skills:
 - Level 3.2 Fighting
 + Level 2.9 Axes
 - Level 1.5 Dodging
 - Level 5.4 Stealth


You had one spell level left.
You didn't know any spells.
Your spell library was empty.

Inventory:

Hand Weapons
 Y - a +0 hand axe (weapon)
Armour
 b - a +0 leather armour (worn)
Wands
 g - a wand of digging (3)
Potions
 f - a potion of haste

Dungeon Overview and Level Annotations

Branches:
Dungeon (5/15)
 Temple: D:4-7

Altars:
Gozag


Message History

You hit the jackal.
The jackal is moderately wounded.
The jackal closely misses you.
The jackal bites you but does no damage.
You barely miss the jackal.
The jackal is lightly wounded.
You barely miss the quokka. You barely miss the jackal. The quokka bites you.
The jackal closely misses you. The jackal bites you. The quokka bites you.
You closely miss the jackal.
The jackal is lightly wounded.
You hit the jackal but do no damage. You closely miss the quokka.
The jackal bites you.
The jackal bites you but does no damage.
The jackal misses you. The quokka bites you. The jackal misses you.
You completely miss the jackal.
The jackal is lightly wounded.
You closely miss the jackal. You hit the quokka but do no damage.
The jackal bites you. The jackal closely misses you. The quokka bites you.
The jackal barely misses you. The jackal misses you.
You barely miss the jackal.
The jackal is lightly wounded.
You hit the jackal. You closely miss the quokka.
The quokka bites you but does no damage.
The jackal bites you but does no damage. x2
The quokka closely misses you.
You hit the jackal.
You kill the jackal!
You closely miss the quokka. You hit the jackal. The jackal barely misses you.
The quokka bites you. The jackal closely misses you.
You closely miss the jackal.
The jackal is severely wounded.
You closely miss the quokka. The jackal barely misses you.
The quokka bites you.
You hit the jackal.
You kill the jackal!
You barely miss the quokka. The quokka bites you.
You die...

. ..# #. ..#
.##.#####..#
.........?.#
.........#
##.}...}.##
##.........##
#.}...@r..}(#
..........$.##
####.}...}.##
#........#
#.####...# #.
#### #


You could see a quokka.

Vanquished Creatures
  2 adders
  2 jackals (D:3)
  A ball python (D:4)
5 creatures vanquished.

Notes
Turn   | Place    | Note
-------+----------+-------------------------------------------
     0 | D:5      | qw the Gargoyle Delver began the quest for the Orb.
     0 | D:5      | Reached XP level 1. HP: 14/14 MP: 1/1
     0 | D:5      | 0 ||| qw: Version: 0.1-a-117-gfe26ee0
     0 | D:5      | 0 ||| qw: Game counter: 9691
     0 | D:5      | 0 ||| qw: Always use a shield: true
     0 | D:5      | 0 ||| qw: God list: Okawaru
     0 | D:5      | 0 ||| qw: Allow faded altars: false
     0 | D:5      | 0 ||| qw: Do Orc after D:15 true
     0 | D:5      | 0 ||| qw: Do second Lair branch before Depths: true
     0 | D:5      | 0 ||| qw: Lair rune preference: random
     0 | D:5      | 0 ||| qw: Plans: Normal
     0 | D:5      | 0 ||| PLANNING D:1-11
    48 | D:5      | Reached XP level 2. HP: 10/19 MP: 2/2
   201 | D:5      | Found an opulent altar of Gozag.
   265 | D:5      | 265 ||| READING scroll labelled DAGHEPL BEIFU.
   266 | D:5      | 266 ||| DROPPING scroll of fog.
   267 | D:5      | 267 ||| DROPPING scroll of magic mapping.
   268 | D:5      | 268 ||| DROPPING scroll of fear.
   273 | D:5      | 273 ||| FLEEEEING.
   274 | D:5      | 274 ||| FLEEEEING.
   275 | D:5      | 275 ||| FLEEEEING.
   276 | D:5      | 276 ||| STAIRDANCE
   384 | D:3      | HP: 3/19 [quokka (2)]
   385 | D:3      | HP: 1/19 [quokka (2)]
   386 | D:3      | Slain by a quokka

Levels and vault maps discovered:
D:3:      layout_loops_ring, pdpol_wu_jian_five_deadly_venoms,
          solitary_fountain, grunt_ministairs_2
D:4:      layout_basic, grunt_temple_overflow_lords_of_destruction,
          overflow_temple_1_default, lemuel_doored_altar,
          hangedman_decor_diamond_cutter, uniq_eustachio, uniq_blork_the_orc,
          uniq_menkaure, uniq_grinder
D:5:      layout_gridville, overflow_temple_1_default, kennysheep_pointless_box

Skill      XL: |  1 |
---------------+----+-----
Axes           | 2 |  2.9
Fighting       | |  3.2
Dodging        | |  1.5
Stealth        | |  5.4

Action                   || total
-------------------------++-------
Melee: Hand axe          ||    25
  Use: Scroll            ||     1
 Stab: Sleeping          ||     1
Armor: Leather armour    ||     8
Dodge: Dodged            ||    27

Table legend:
 A = Non-vault XP
 B = Vault XP
 C = Vault XP percentage of total XP
 D = Non-vault monster count
 E = Vault monster count
 F = Vault count percentage of total count
                 A         B        C        D         E       F
            +---------+---------+-------+---------+---------+-------
      Total |      27 |       4 |  12.9 |       3 |       2 |  40.0
            +---------+---------+-------+---------+---------+-------
        D:3 |       0 |       4 | 100.0 |       0 |       2 | 100.0
        D:4 |      14 |       0 |   0.0 |       2 |       0 |   0.0
        D:5 |      13 |       0 |   0.0 |       1 |       0 |   0.0
            +---------+---------+-------+---------+---------+-------
